 Dungeon Crawl Stone Soup version 0.31-a0-185-g9dded2c639 (webtiles) character file.

Game seed: 17665804719341857276

36 qw the Shooter (level 3, 0/20 HPs)
             Began as a Deep Elf Hunter on June 22, 2023.
             Frozen to death by an endoplasm (3 damage)
             ... on level 2 of the Dungeon.
             The game lasted 00:00:16 (680 turns).

qw the Shooter (Deep Elf Hunter)                     Turns: 680, Time: 00:00:17

Health: 0/20       AC: 10    Str: 10    XL:     3   Next: 19%
Magic:  5/5        EV:  9    Int: 13    God:
Gold:   78         SH:  0    Dex: 18    Spells: 2/2 levels left

rFire   . . .        Y - +0 shortbow
rCold   . . .        (shield currently unavailable)
rNeg    . . .        k - +2 scale mail {Will+}
rPois   .            i - +0 helmet
rElec   .            (no cloak)
rCorr   .            h - +0 pair of gloves {infuse}
SInv    .            (no boots)
Will    +....        (no amulet)
Stlth   +            (no ring)
HPRegen 0.23/turn    (no ring)
MPRegen 0.09/turn

%: infuse magic (1 MP)
@: no status effects
A: no striking features
a: no special abilities


You were on level 2 of the Dungeon.
You visited 1 branch of the dungeon, and saw 2 of its levels.

You collected 78 gold pieces.


   Skills:
 - Level 1.5 Fighting
 + Level 6.8 Ranged Weapons
 - Level 2.4 Dodging
 - Level 1.2 Stealth


You had 2 spell levels left.
You didn't know any spells.
Your spell library was empty.

Inventory:

Hand Weapons
 Y - a +0 shortbow (weapon)
Armour
 h - a +0 pair of gloves of infusion (worn)
 i - a +0 helmet (worn)
 k - a +2 scale mail of willpower (worn)
Potions
 a - a potion of degeneration {unknown}
 e - a potion of mutation {unknown}
 f - a potion of heal wounds {unknown}
 g - a potion of ambrosia {unknown}
 j - a potion of invisibility {unknown}
 l - a potion of attraction {unknown}

Dungeon Overview and Level Annotations

Branches:
Dungeon (2/15)

Altars:


Message History

The endoplasm quivers.
You shoot an arrow. The arrow closely misses the orc.
The orc hits you but does no damage. The goblin hits you but does no damage.
You shoot an arrow. The arrow hits the orc.
The orc is heavily wounded.
The orc barely misses you. The goblin hits you but does no damage.
The quokka bites you but does no damage.
The orc hits you with a +0 mace. The goblin hits you but does no damage.
You shoot an arrow. The arrow hits the orc!
You kill the orc!
The quokka bites you but does no damage.
The goblin closely misses you.
The quokka bites you but does no damage.
You shoot an arrow. The arrow misses the quokka.
The quokka completely misses you. The goblin closely misses you.
The endoplasm freezes you.
You are frozen.
The endoplasm hits you but does no damage.
The quokka bites you but does no damage.
You shoot an arrow. The arrow hits the quokka.
The quokka is heavily wounded.
The goblin hits you but does no damage. The endoplasm freezes you.
You are frozen.
The endoplasm misses you. The quokka bites you.
An endoplasm comes into view.
The goblin hits you but does no damage. The endoplasm freezes you.
You are frozen.
The endoplasm freezes you.
You are frozen.
You shoot an arrow. The arrow misses the quokka.
The endoplasm quivers.
The quokka bites you. The goblin closely misses you.
The endoplasm hits you but does no damage. x2
The quokka bites you but does no damage.
You shoot an arrow. The arrow closely misses the quokka.
The goblin hits you but does no damage. The endoplasm freezes you.
You are frozen.
You die...

.. .# .# .# . .#
.J. .##....
#####r..$...
##...@J......
##....Jg......
##.....>.......
#..............
#..............
#..<...........
#...............
#...............
#............


You could see 3 endoplasms, a quokka and a goblin.

Vanquished Creatures
  An adder (D:2)
  A dart slug (D:1)
  An orc (D:2)
  2 ball pythons (D:1)
  3 endoplasms
  2 giant cockroaches (D:1)
  2 hobgoblins (D:1)
  2 quokkas (D:1)
  A bat (D:1)
  A frilled lizard (D:1)
  3 kobolds (D:1)
  4 rats (D:1)
23 creatures vanquished.

Notes
Turn   | Place    | Note
-------+----------+-------------------------------------------
     0 | D:1      | qw the Deep Elf Hunter began the quest for the Orb.
     0 | D:1      | Reached XP level 1. HP: 12/12 MP: 3/3
     0 | D:1      | 0 ||| qw: Version: 0.3-a-9-g12657ce
     0 | D:1      | 0 ||| qw: Game counter: 1707
     0 | D:1      | 0 ||| qw: Always use a shield: true
     0 | D:1      | 0 ||| qw: God list: Okawaru
     0 | D:1      | 0 ||| qw: Allow faded altars: false
     0 | D:1      | 0 ||| qw: Do Orc after D:15 true
     0 | D:1      | 0 ||| qw: Do second Lair branch before Depths: true
     0 | D:1      | 0 ||| qw: Lair rune preference: random
     0 | D:1      | 0 ||| qw: Plans: Normal
     0 | D:1      | 0 ||| PLANNING D:1-11
   249 | D:1      | Reached skill level 6 in Ranged Weapons
   249 | D:1      | Reached XP level 2. HP: 16/16 MP: 4/4
   602 | D:1      | 602 ||| UPGRADING to +0 pair of gloves of infusion.
   607 | D:1      | 607 ||| UPGRADING to +0 helmet.
   612 | D:1      | 612 ||| UPGRADING to +2 scale mail of willpower.
   622 | D:1      | 622 ||| DROPPING +0 leather armour.
   623 | D:1      | 623 ||| READING scroll labelled MEILIH NIYJUX.
   624 | D:1      | 624 ||| DROPPING scroll of butterflies.
   661 | D:2      | Reached XP level 3. HP: 20/20 MP: 5/5
   678 | D:2      | HP: 4/20 [frozen (3)]
   680 | D:2      | Frozen to death by an endoplasm

Levels and vault maps discovered:
D:1:      psy_arrival_fountain, layout_loops_cross
D:2:      layout_rooms

Skill      XL: |  1 |
---------------+----+-----
Ranged Weapons | 6 |  6.8
Fighting       | |  1.5
Dodging        | |  2.4
Stealth        | |  1.2

Action                     || total
---------------------------++-------
   Fire: Shortbow          ||    64
    Use: Scroll            ||     1
 Armour: Leather armour    ||     4
         Scale mail        ||    15
  Dodge: Dodged            ||    23

Table legend:
 A = Non-vault XP
 B = Vault XP
 C = Vault XP percentage of total XP
 D = Non-vault monster count
 E = Vault monster count
 F = Vault count percentage of total count
                 A         B        C        D         E       F
            +---------+---------+-------+---------+---------+-------
      Total |      52 |       0 |   0.0 |      23 |       0 |   0.0
            +---------+---------+-------+---------+---------+-------
        D:1 |      34 |       0 |   0.0 |      20 |       0 |   0.0
        D:2 |      18 |       0 |   0.0 |       3 |       0 |   0.0
            +---------+---------+-------+---------+---------+-------
